EL
ELMIRA PIONEERS @ MANCHESTER FISHER CATS
06/10/1982
 
TOP OF THE 1ST
Elmira Pioneers batting - Pitching for Manchester Fisher Cats : LHP John Machin
Pitching: LHP John Machin
Batting: RHB Ken Dowell 0-0: Called Strike
0-1: Ball
1-1: Swinging Strike
1-2: Strikes out swinging
Batting: RHB Mark Wasinger 0-0: Ball
1-0: Foul Ball, location: 2F
1-1: Swinging Strike
1-2: Ground out 5-3 (Groundball, 56S, EV 63.8 MPH)
Batting: RHB Richard Givens 0-0: Ground out 6-3 (Groundball, 6, EV 96.9 MPH)
Top of the 1st over - 0 runs, 0 hits, 0 errors, 0 left on base; Elmira 0 - Manchester 0
BOTTOM OF THE 1ST
Manchester Fisher Cats batting - Pitching for Elmira Pioneers : LHP Ricky Wright
Pitching: LHP Ricky Wright
Batting: RHB Reymundo Estevez 0-0: Ball
1-0: Ball
2-0: Called Strike
2-1: Ball
3-1: Foul Ball, location: 2F
3-2: Foul Ball, location: 2F
3-2: Foul Ball, location: 2F
3-2: Foul Ball, location: 2F
3-2: Foul Ball, location: 2F
3-2: Foul Ball, location: 2F
3-2: Foul Ball, location: 2F
3-2: SINGLE (Line Drive, 89S, EV 90.6 MPH)
Batting: LHB Tim Derryberry 0-0: Ball
1-0: Called Strike
Reymundo Estevez steals 2nd base (no throw)
1-1: Swinging Strike
1-2: Foul Ball, location: 2F
1-2: Foul Ball, location: 2F
1-2: SINGLE (Line Drive, 3D, EV 108.1 MPH)
Reymundo Estevez to third
Runner from 3rd tries for Home, SAFE, throw by RF to home
Tim Derryberry to second
Batting: SHB Stan Javier 0-0: Swinging Strike
0-1: Ball
1-1: Swinging Strike
1-2: DOUBLE (Line Drive, 9LM, EV 106.3 MPH)
Tim Derryberry scores
Batting: RHB Joe Citari 0-0: Called Strike
0-1: Ball
1-1: Ball
2-1: Ball
3-1: Base on Balls
Batting: LHB Jessie Reid 0-0: Ball
1-0: Foul Ball, location: 2F
1-1: Swinging Strike
1-2: Strikes out looking
Batting: SHB Danny Hernandez 0-0: Ball
1-0: Ball
2-0: Ball
3-0: Base on Balls
Stan Javier to third
Joe Citari to second
Batting: LHB Mel Hall 0-0: Ball
1-0: Called Strike
1-1: Ball
2-1: Fly out, F9 (Flyball, 9LD, EV 84.4 MPH)
Runner from 3rd tags up, SCORES, throw by RF
Joe Citari to third
Batting: RHB Randy Johnson 0-0: Ground out 4-3 (Groundball, 4, EV 98.1 MPH)
Bottom of the 1st over - 3 runs, 3 hits, 0 errors, 2 left on base; Elmira 0 - Manchester 3
TOP OF THE 2ND
Elmira Pioneers batting - Pitching for Manchester Fisher Cats : LHP John Machin
Batting: RHB Greg Keatley 0-0: Ball
1-0: Fly out, F7 (Flyball, 78S, EV 95.6 MPH)
Batting: RHB Edwin Rodriguez 0-0: Called Strike
0-1: Ball
1-1: Ball
2-1: Foul Ball, location: 2F
2-2: Ball
3-2: Strikes out swinging
Batting: SHB Esteban Mendez 0-0: Called Strike
0-1: Called Strike
0-2: Strikes out looking
Top of the 2nd over - 0 runs, 0 hits, 0 errors, 0 left on base; Elmira 0 - Manchester 3
BOTTOM OF THE 2ND
Manchester Fisher Cats batting - Pitching for Elmira Pioneers : LHP Ricky Wright
Batting: RHB Buddy Pryor 0-0: Ball
1-0: Ground out 6-3 (Groundball, 6M, EV 81.3 MPH)
Batting: RHB Reymundo Estevez 0-0: Ball
1-0: Called Strike
1-1: Reached on error, E6 (Groundball, 56D, EV 86.9 MPH)
Batting: LHB Tim Derryberry 0-0: Ball
1-0: Called Strike
1-1: Ball
2-1: Foul Ball, location: 2F
2-2: Foul Ball, location: 2F
2-2: Foul Ball, location: 2F
2-2: Foul Ball, location: 2F
2-2: Ball
3-2: Fly out, F4 (Popup, 23, EV 85.6 MPH)
Batting: SHB Stan Javier 0-0: Ball
1-0: Foul Ball, location: 2F
1-1: Ball
2-1: Fly out, F9 (Flyball, 89S, EV 88.1 MPH)
Bottom of the 2nd over - 0 runs, 0 hits, 1 error, 1 left on base; Elmira 0 - Manchester 3
TOP OF THE 3RD
Elmira Pioneers batting - Pitching for Manchester Fisher Cats : LHP John Machin
Batting: LHB Juan Flores 0-0: Fly out, F8 (Flyball, 8LXD, EV 108.1 MPH)
Batting: RHB Curtis Cannedy 0-0: Ball
1-0: Foul Ball, location: 2F
1-1: Foul Ball, location: 2F
1-2: Foul Ball, location: 2F
1-2: Ball
2-2: Ball
3-2: Ground out U3 (Groundball, 34S, EV 86.3 MPH)
Batting: SHB Michael Reeder 0-0: Called Strike
0-1: Foul Ball, location: 2F
0-2: SINGLE (Flyball, 7LS, EV 78.8 MPH)
Batting: RHB Ken Dowell 0-0: Called Strike
0-1: Called Strike
0-2: SINGLE (Flyball, 3D, EV 93.1 MPH)
Michael Reeder to second
Runner from 2nd tries for 3rd, SAFE, throw by RF made to third
Batting: RHB Mark Wasinger 0-0: Called Strike
0-1: Ball
1-1: Ball
2-1: Foul Ball, location: 2F
2-2: Foul Ball, location: 2F
2-2: Foul Ball, location: 2F
2-2: SINGLE (Line Drive, 8LS, EV 102.5 MPH)
Michael Reeder scores
Ken Dowell to second
Runner from 2nd tries for 3rd, OUT! 8-5
Top of the 3rd over - 1 run, 3 hits, 0 errors, 1 left on base; Elmira 1 - Manchester 3
BOTTOM OF THE 3RD
Manchester Fisher Cats batting - Pitching for Elmira Pioneers : LHP Ricky Wright
Batting: RHB Joe Citari 0-0: Called Strike
0-1: Ball
1-1: Called Strike
1-2: Ball
2-2: Ball
3-2: Foul Ball, location: 2F
3-2: Foul Ball, location: 2F
3-2: Base on Balls
Batting: LHB Jessie Reid 0-0: Called Strike
0-1: Foul Ball, location: 2F
0-2: Foul Ball, location: 2F
0-2: Ball
1-2: Strikes out looking
Batting: SHB Danny Hernandez 0-0: Fly out, F8 (Flyball, 8LD, EV 86.9 MPH)
Batting: LHB Mel Hall 0-0: Called Strike
0-1: Ball
1-1: Ground out 3-1 (Groundball, 34S, EV 86.9 MPH)
Bottom of the 3rd over - 0 runs, 0 hits, 0 errors, 1 left on base; Elmira 1 - Manchester 3
TOP OF THE 4TH
Elmira Pioneers batting - Pitching for Manchester Fisher Cats : LHP John Machin
Batting: RHB Richard Givens 0-0: Foul Ball, location: 2F
0-1: Swinging Strike
0-2: Foul Ball, location: 2F
0-2: Foul Ball, location: 2F
0-2: Ball
1-2: Strikes out swinging
Batting: RHB Greg Keatley 0-0: Called Strike
0-1: Ball
1-1: Ball
2-1: Ball
3-1: Base on Balls
Batting: RHB Edwin Rodriguez 0-0: Called Strike
0-1: Swinging Strike
0-2: Strikes out swinging
Batting: SHB Esteban Mendez 0-0: Ball
1-0: Called Strike
1-1: Fly out, F7 (Line Drive, 7, EV 83.1 MPH)
Top of the 4th over - 0 runs, 0 hits, 0 errors, 1 left on base; Elmira 1 - Manchester 3
BOTTOM OF THE 4TH
Manchester Fisher Cats batting - Pitching for Elmira Pioneers : LHP Ricky Wright
Batting: RHB Randy Johnson 0-0: Ball
1-0: Ball
2-0: Ball
3-0: Base on Balls
Batting: RHB Buddy Pryor 0-0: Foul Ball, location: 2F
0-1: Ball
1-1: Ball
2-1: Ball
3-1: Swinging Strike
3-2: Fly out, F8 (Flyball, 8LM, EV 86.9 MPH)
Batting: RHB Reymundo Estevez 0-0: Called Strike
0-1: Called Strike
0-2: Strikes out swinging
Batting: LHB Tim Derryberry 0-0: Called Strike
0-1: Fly out, F6 (Popup, 6M, EV 54.4 MPH)
Bottom of the 4th over - 0 runs, 0 hits, 0 errors, 1 left on base; Elmira 1 - Manchester 3
TOP OF THE 5TH
Elmira Pioneers batting - Pitching for Manchester Fisher Cats : LHP John Machin
Batting: LHB Juan Flores 0-0: Foul Ball, location: 2F
0-1: Ball
1-1: Ball
2-1: Foul Ball, location: 2F
2-2: Fly out, F9 (Flyball, 9LD, EV 105.6 MPH)
Batting: RHB Curtis Cannedy 0-0: Ball
1-0: Ball
2-0: SINGLE (Groundball, 56D, EV 94.4 MPH)
Batting: SHB Michael Reeder 0-0: Ball
1-0: Called Strike
1-1: Swinging Strike
1-2: Ball
2-2: Foul Ball, location: 2F
2-2: Strikes out looking
Batting: RHB Ken Dowell 0-0: Called Strike
0-1: Foul Ball, location: 2F
0-2: Strikes out swinging
Top of the 5th over - 0 runs, 1 hit, 0 errors, 1 left on base; Elmira 1 - Manchester 3
BOTTOM OF THE 5TH
Manchester Fisher Cats batting - Pitching for Elmira Pioneers : LHP Ricky Wright
Batting: SHB Stan Javier 0-0: Called Strike
0-1: Ball
1-1: SINGLE (Line Drive, 78S, EV 106.9 MPH)
Batting: RHB Joe Citari 0-0: Ball
1-0: Fly out, F7 (Line Drive, 7, EV 102.5 MPH)
Batting: LHB Jessie Reid 0-0: Ball
1-0: Foul Ball, location: 2F
1-1: Foul Ball, location: 2F
1-2: Ball
2-2: Ball
3-2: Foul Ball, location: 2F
3-2: Base on Balls
Stan Javier to second
Batting: SHB Danny Hernandez 0-0: Ball
1-0: Swinging Strike
1-1: Called Strike
1-2: Ball
2-2: Ball
3-2: Strikes out swinging
Batting: LHB Mel Hall 0-0: Ball
1-0: Ball
2-0: Called Strike
2-1: Swinging Strike
2-2: Strikes out looking
Bottom of the 5th over - 0 runs, 1 hit, 0 errors, 2 left on base; Elmira 1 - Manchester 3
TOP OF THE 6TH
Elmira Pioneers batting - Pitching for Manchester Fisher Cats : LHP John Machin
Batting: RHB Mark Wasinger 0-0: Ground out 6-3 (Groundball, 6, EV 96.9 MPH)
Batting: RHB Richard Givens 0-0: Called Strike
0-1: Called Strike
0-2: Ball
1-2: Strikes out swinging
Batting: RHB Greg Keatley 0-0: Called Strike
0-1: Called Strike
0-2: Ball
1-2: Ground out 5-3 (Groundball, 56S, EV 81.3 MPH)
Top of the 6th over - 0 runs, 0 hits, 0 errors, 0 left on base; Elmira 1 - Manchester 3
BOTTOM OF THE 6TH
Manchester Fisher Cats batting - Pitching for Elmira Pioneers : LHP Ricky Wright
Batting: RHB Randy Johnson 0-0: Foul Ball, location: 2F
0-1: Ball
1-1: Foul Ball, location: 2F
1-2: Ball
2-2: Ball
3-2: Base on Balls
Batting: RHB Buddy Pryor 0-0: Ball
1-0: Grounds into double play, 4-6-3 (Groundball, 34, EV 85.0 MPH)
Batting: RHB Reymundo Estevez 0-0: Ball
1-0: Called Strike
1-1: Fly out, F9 (Line Drive, 9, EV 98.8 MPH)
Bottom of the 6th over - 0 runs, 0 hits, 0 errors, 0 left on base; Elmira 1 - Manchester 3
TOP OF THE 7TH
Elmira Pioneers batting - Pitching for Manchester Fisher Cats : LHP John Machin
Batting: RHB Edwin Rodriguez 0-0: Foul Ball, location: 2F
0-1: Foul Ball, location: 2F
0-2: Strikes out swinging
Batting: SHB Esteban Mendez 0-0: Foul Ball, location: 2F
0-1: Ball
1-1: Ball
2-1: Foul Ball, location: 2F
2-2: Foul Ball, location: 2F
2-2: Ball
3-2: Base on Balls
Batting: LHB Juan Flores 0-0: Ball
1-0: Ball
2-0: Swinging Strike
2-1: Swinging Strike
2-2: Fly out, F8 (Flyball, 8RXD, EV 98.8 MPH)
Runner from 1st tags up, SAFE at 2nd
Batting: RHB Curtis Cannedy 0-0: Called Strike
0-1: Swinging Strike
0-2: Fly out, F7 (Line Drive, 7, EV 96.3 MPH)
Top of the 7th over - 0 runs, 0 hits, 0 errors, 1 left on base; Elmira 1 - Manchester 3
BOTTOM OF THE 7TH
Manchester Fisher Cats batting - Pitching for Elmira Pioneers : LHP Ricky Wright
Pitching: RHP Damian Aponte
Batting: LHB Tim Derryberry 0-0: Ball
1-0: Called Strike
1-1: Ball
2-1: SINGLE (Flyball, 8LS, EV 82.5 MPH)
Batting: SHB Stan Javier 0-0: Ball
1-0: Ball
2-0: Called Strike
2-1: Swinging Strike
2-2: Ball
3-2: Base on Balls
Tim Derryberry to second
Batting: RHB Joe Citari 0-0: Ball
1-0: Ball
2-0: 3-RUN HOME RUN (Flyball, 9LD, EV 100.6 MPH), Distance : 366 ft
Batting: LHB Jessie Reid 0-0: Called Strike
0-1: Ball
1-1: Ball
2-1: Fly out, F8 (Flyball, 8LD, EV 102.5 MPH)
Batting: SHB Danny Hernandez 0-0: Reached on error, E1 (Groundball, 15S, EV 61.9 MPH)
Pitching: RHP Renie Martin
Batting: LHB Mel Hall 0-0: Ball
1-0: Ball
2-0: Ball
3-0: Called Strike
3-1: Fly out, F6 (Popup, 6M, EV 70.0 MPH)
Batting: RHB Randy Johnson 0-0: Ball
1-0: Ball
2-0: Called Strike
2-1: Ground out U3 (Groundball, 34, EV 81.3 MPH)
Bottom of the 7th over - 3 runs, 2 hits, 1 error, 1 left on base; Elmira 1 - Manchester 6
TOP OF THE 8TH
Elmira Pioneers batting - Pitching for Manchester Fisher Cats : LHP John Machin
Batting: SHB Michael Reeder 0-0: Fly out, F9 (Flyball, 9LM, EV 85.0 MPH)
Batting: RHB Ken Dowell 0-0: Called Strike
0-1: Ball
1-1: Ground out 4-3 (Groundball, 4M, EV 98.8 MPH)
Batting: RHB Mark Wasinger 0-0: Called Strike
0-1: Foul Ball, location: 2F
0-2: Strikes out swinging
Top of the 8th over - 0 runs, 0 hits, 0 errors, 0 left on base; Elmira 1 - Manchester 6
BOTTOM OF THE 8TH
Manchester Fisher Cats batting - Pitching for Elmira Pioneers : RHP Renie Martin
Batting: RHB Buddy Pryor 0-0: Foul Ball, location: 2F
0-1: Ground out U3 (Groundball, 13, EV 86.9 MPH)
Batting: RHB Reymundo Estevez 0-0: Swinging Strike
0-1: Ball
1-1: Ball
2-1: Swinging Strike
2-2: Strikes out swinging
Batting: LHB Tim Derryberry 0-0: Ball
1-0: Foul Ball, location: 2F
1-1: Ground out 4-3 (Groundball, 4S, EV 56.9 MPH)
Bottom of the 8th over - 0 runs, 0 hits, 0 errors, 0 left on base; Elmira 1 - Manchester 6
TOP OF THE 9TH
Elmira Pioneers batting - Pitching for Manchester Fisher Cats : LHP John Machin
Batting: RHB Richard Givens 0-0: Ball
1-0: Foul Ball, location: 2F
1-1: Foul Ball, location: 2F
1-2: Fly out, F7 (Flyball, 7LM, EV 89.4 MPH)
Batting: RHB Greg Keatley 0-0: Ball
1-0: Called Strike
1-1: Ball
2-1: Ball
3-1: SINGLE (Line Drive, 7S, EV 107.5 MPH)
Batting: RHB Edwin Rodriguez 0-0: Called Strike
0-1: Swinging Strike
0-2: Strikes out looking
Pitching: RHP Keith Creel
Batting: SHB Esteban Mendez 0-0: Ball
1-0: Ball
2-0: Ball
3-0: Called Strike
3-1: SINGLE (Groundball, 34D, EV 96.3 MPH)
Greg Keatley to second
Batting: LHB Juan Flores 0-0: Ball
1-0: Called Strike
1-1: Ball
2-1: Called Strike
2-2: DOUBLE (Groundball, 3L, EV 100.6 MPH)
Greg Keatley scores
Esteban Mendez to third
Batting: RHB Curtis Cannedy 0-0: Ball
1-0: Fly out, F6 (Flyball, 56D, EV 77.5 MPH)
Top of the 9th over - 1 run, 3 hits, 0 errors, 2 left on base; Elmira 2 - Manchester 6
Thursday, August 6th, 2020 - OOTP Baseball 21.5 Build 76